 Dungeon Crawl Stone Soup version 0.29.0-7-g18a832c13a (webtiles) character file.

Game seed: 8637593925922087322

4 blackman the Covered (level 1, -1/15 HPs)
             Began as a Human Wanderer on Aug 31, 2022.
             Slain by a jackal (3 damage)
             ... on level 1 of the Dungeon.
             The game lasted 00:00:40 (184 turns).

blackman the Covered (Human Wanderer)                Turns: 184, Time: 00:00:41

Health: -1/15      AC:  9    Str: 10    XL:     1   Next: 77%
Magic:  2/2        EV:  4    Int: 10    God:
Gold:   14         SH:  5    Dex: 18    Spells: 2/2 levels left

rFire   + . .      SeeInvis .   a - +0 dagger
rCold   . . .      Faith    .   b - +0 buckler
rNeg    . . .      Spirit   .   d - +0 chain mail
rPois   .          Reflect  .   (no helmet)
rElec   .          Harm     .   (no cloak)
rCorr   .          Rampage  .   (no gloves)
Will    .....                   (no boots)
Stlth   ..........              (no amulet)
HPRegen 0.05/turn               (no ring)
MPRegen 0.08/turn               (no ring)

@: no status effects
A: agile 1, fire resistance 1
a: no special abilities


You were on level 1 of the Dungeon.
You visited 1 branch of the dungeon, and saw 1 of its levels.

You collected 14 gold pieces.

Inventory:

Hand Weapons
 a - a +0 dagger (weapon)
Armour
 b - a +0 buckler (worn)
 d - a +0 chain mail (worn)


   Skills:
 * Level 1.2 Fighting
 - Level 5.0 Armour
 - Level 3.0 Shields
 - Level 1.0 Spellcasting
 - Level 1.0 Transmutations


You had 2 spell levels left.
You didn't know any spells.
Your spell library contained the following spells:

 Spells                   Type           Power      Damage    Failure   Level
 Passwall                 Tmut/Erth      0%         N/A       100%        2
 Wereblood                Tmut           2%         N/A       100%        2


Dungeon Overview and Level Annotations

Branches:
Dungeon (1/15)

Altars:


Innate Abilities, Weirdness & Mutations

You are agile. (Dex +4, Str/Int -1)
Your flesh is heat resistant. (rF+)


Message History

The jackal bites you but does no damage.
You see here a ball python corpse.
You block the jackal's attack. The jackal attacks as you move away!
The jackal bites you. The jackal attacks as you move away!
The jackal bites you but does no damage.
The jackal bites you but does no damage.
You closely miss the jackal. The jackal barely misses you.
You hit the jackal.
The jackal is heavily wounded.
The jackal bites you.
* * * LOW HITPOINT WARNING * * *
The jackal bites you but does no damage.
You barely miss the jackal.
The jackal is heavily wounded.
The jackal bites you but does no damage.
You hit the jackal.
The jackal is severely wounded.
The jackal bites you.
* * * LOW HITPOINT WARNING * * *
The rat twitches its whiskers.
You block the jackal's attack.
You closely miss the jackal.
The jackal is severely wounded.
You block the jackal's attack.
You hit the jackal but do no damage.
The jackal is severely wounded.
The jackal bites you but does no damage.
The jackal bites you.
* * * LOW HITPOINT WARNING * * *
You closely miss the jackal.
The jackal is severely wounded.
The jackal bites you but does no damage.
You closely miss the jackal.
The jackal is severely wounded.
The jackal barely misses you.
You closely miss the jackal.
The jackal is severely wounded.
You block the jackal's attack. The jackal bites you.
You die...

#...# #.#.# ###
#.#.# #.# #.#.#
#.# #.#.# #.#
#.#.# #.# #.#.#
#.# #.#.# #.#
#.# #@# #
#.#.###h# .#
#.#...#r##.##..
#.# #.........#
#.# ###†......#
#.# ##.##.....
#.# ##..#......
#######.#
#.†........
.....)..#
#†##.......


You could see a jackal and a rat.

Vanquished Creatures
  3 jackals (D:1)
  A ball python (D:1)
4 creatures vanquished.

Notes
Turn   | Place    | Note
-------+----------+-------------------------------------------
     0 | D:1      | blackman the Human Wanderer began the quest for the Orb.
     0 | D:1      | blackman set off with the following items: a +0 dagger, a
                  | +0 buckler, a potion of mutation, a +0 chain mail; and the
                  | following spells available to memorise: Passwall,
                  | Wereblood.
     0 | D:1      | Reached XP level 1. HP: 13/13 MP: 2/2
     0 | D:1      | Gained mutation: You are agile. (Dex +4, Str/Int -1)
                  | [potion of mutation]
     0 | D:1      | Gained mutation: Your flesh is heat resistant. (rF+)
                  | [potion of mutation]
   165 | D:1      | Reached skill level 1 in Fighting
   184 | D:1      | Slain by a jackal

Illustrated notes

Levels and vault maps discovered:
D:1:      nicolae_arrival_washed_ashore, layout_rooms,
          shapermc_ecumenical_altar_totnotflames, serial_shops, shop_fountains,
          minmay_heptomino_d4

Skill      XL: |  1 |
---------------+----+-----
Fighting       | 1 |  1.2
Armour         | |  5.0
Shields        | |  3.0
Spellcasting   | |  1.0
Transmutations | |  1.0

Action                   || total
-------------------------++-------
Melee: Dagger            ||    36
  Use: Potion            ||     1
Armor: Chain mail        ||    32
Dodge: Dodged            ||     7
Block: Buckler           ||    12
